XFBL
NEW YORK METS @ LOS ANGELES DODGERS
03/22/1982
 
TOP OF THE 1ST
New York Mets batting - Pitching for Los Angeles Dodgers : RHP Mario Soto
Pitching: RHP Mario Soto
Batting: RHB Gary Redus 0-0: Called Strike
0-1: Ball
1-1: Ground out 6-3 (Groundball, 6S, EV 68.1 MPH)
Batting: LHB Roy E Johnson 0-0: Fly out, F8 (Line Drive, 8LM, EV 100.0 MPH)
Batting: LHB Lyman Bostock 0-0: Swinging Strike
0-1: Foul Ball, location: 2F
0-2: Ball
1-2: Foul Ball, location: 2F
1-2: Strikes out swinging
Top of the 1st over - 0 runs, 0 hits, 0 errors, 0 left on base; New York 0 - Los Angeles 0
BOTTOM OF THE 1ST
Los Angeles Dodgers batting - Pitching for New York Mets : RHP Pete Redfern
Pitching: RHP Pete Redfern
Batting: SHB Jose Oquendo 0-0: Called Strike
0-1: Ground out 4-3 (Groundball, 34, EV 108.8 MPH)
Batting: RHB Mike Shelton 0-0: SINGLE (Line Drive, 4MD, EV 105.0 MPH)
Batting: RHB Dick Davis 0-0: Called Strike
Mike Shelton steals 2nd base
0-1: Ball
1-1: Ball
2-1: Ball
3-1: Swinging Strike
3-2: Foul Ball, location: 2F
3-2: Foul Ball, location: 2F
3-2: DOUBLE (Line Drive, 3D, EV 98.1 MPH)
Mike Shelton scores
Batting: RHB Jerry Keller 0-0: SINGLE (Line Drive, 34D, EV 95.0 MPH)
Dick Davis to third
Runner from 3rd tries for Home, SAFE, throw by RF to home
Batting: SHB Chris W Smith 0-0: Ball
1-0: DOUBLE (Flyball, 78D, EV 101.3 MPH)
Jerry Keller to third
Runner from 3rd tries for Home, SAFE, throw by CF to trailing runner, SAFE at third!
Batting: RHB Toby Harrah 0-0: Ball
1-0: Ball
2-0: Swinging Strike
2-1: Ball
3-1: Foul Ball, location: 2F
3-2: Fly out, F7 (Flyball, 7D, EV 98.8 MPH)
Runner from 3rd tags up, SCORES, no throw by LF
Batting: LHB Ronald Jackson 0-0: Called Strike
0-1: Fly out, F5 (Popup, 6S, EV 80.0 MPH)
Bottom of the 1st over - 4 runs, 4 hits, 0 errors, 0 left on base; New York 0 - Los Angeles 4
TOP OF THE 2ND
New York Mets batting - Pitching for Los Angeles Dodgers : RHP Mario Soto
Batting: RHB George Gomez 0-0: Ball
1-0: Fly out, F3 (Line Drive, 3, EV 66.3 MPH)
Batting: RHB Garry Maddox 0-0: Ball
1-0: Swinging Strike
1-1: Ball
2-1: Swinging Strike
2-2: SINGLE (Groundball, 4M, EV 79.4 MPH) (infield hit)
Batting: LHB Alamazoo White 0-0: Foul Ball, location: 2F
0-1: Called Strike
0-2: Foul Ball, location: 2F
0-2: Ball
1-2: Ball
2-2: Fly out, F8 (Flyball, 8RM, EV 97.5 MPH)
Batting: RHB Rick Burleson 0-0: Called Strike
0-1: Ground out 4-3 (Groundball, 4MS, EV 77.5 MPH)
Top of the 2nd over - 0 runs, 1 hit, 0 errors, 1 left on base; New York 0 - Los Angeles 4
BOTTOM OF THE 2ND
Los Angeles Dodgers batting - Pitching for New York Mets : RHP Pete Redfern
Batting: RHB Roberto Reyes 0-0: Called Strike
0-1: Ball
1-1: Foul Ball, location: 2F
1-2: Foul Ball, location: 2F
1-2: TRIPLE (Flyball, 89XD, EV 111.3 MPH)
Batting: RHB Mario Soto 0-0: Called Strike
0-1: Ball
1-1: Foul Ball, location: 2F
1-2: Ball
2-2: Strikes out swinging
Batting: SHB Jose Oquendo 0-0: Foul Ball, location: 2F
0-1: Ball
1-1: Ground out 4-3 (Groundball, 4MD, EV 104.4 MPH)
Roberto Reyes scores
Batting: RHB Mike Shelton 0-0: Ball
1-0: SINGLE (Flyball, 56D, EV 93.8 MPH)
Batting: RHB Dick Davis 0-0: Ball
1-0: Ground out 4-3 (Groundball, 4, EV 95.6 MPH)
Bottom of the 2nd over - 1 run, 2 hits, 0 errors, 1 left on base; New York 0 - Los Angeles 5
TOP OF THE 3RD
New York Mets batting - Pitching for Los Angeles Dodgers : RHP Mario Soto
Batting: LHB Terry Kennedy 0-0: Called Strike
0-1: Foul Ball, location: 2F
0-2: Ball
1-2: Foul Ball, location: 2F
1-2: Strikes out looking
Batting: RHB Pete Redfern 0-0: Ball
1-0: Swinging Strike
1-1: Ball
2-1: Called Strike
2-2: Strikes out swinging
Batting: RHB Gary Redus 0-0: Foul Ball, location: 2F
0-1: Foul Ball, location: 2F
0-2: Ball
1-2: Ball
2-2: Fly out, F3 (Popup, 3SF, EV 75.0 MPH)
Top of the 3rd over - 0 runs, 0 hits, 0 errors, 0 left on base; New York 0 - Los Angeles 5
BOTTOM OF THE 3RD
Los Angeles Dodgers batting - Pitching for New York Mets : RHP Pete Redfern
Batting: RHB Jerry Keller 0-0: SOLO HOME RUN (Flyball, 8RXD, EV 98.1 MPH), Distance : 483 ft
Batting: SHB Chris W Smith 0-0: Ball
1-0: Ball
2-0: Swinging Strike
2-1: Fly out, F8 (Line Drive, 8LM, EV 89.4 MPH)
Batting: RHB Toby Harrah 0-0: Ball
1-0: Foul Ball, location: 2F
1-1: Swinging Strike
1-2: Strikes out swinging
Batting: LHB Ronald Jackson 0-0: Ball
1-0: Foul Ball, location: 2F
1-1: Ground out U3 (Groundball, 34, EV 99.4 MPH)
Bottom of the 3rd over - 1 run, 1 hit, 0 errors, 0 left on base; New York 0 - Los Angeles 6
TOP OF THE 4TH
New York Mets batting - Pitching for Los Angeles Dodgers : RHP Mario Soto
Batting: LHB Roy E Johnson 0-0: Ball
1-0: Swinging Strike
1-1: DOUBLE (Line Drive, 7LD, EV 107.5 MPH)
Batting: LHB Lyman Bostock 0-0: Ball
1-0: Ball
2-0: Called Strike
2-1: Ground out 5-3 (Groundball, 56S, EV 83.8 MPH)
Batting: RHB George Gomez 0-0: Ball
1-0: Ball
2-0: Foul Ball, location: 2F
2-1: Foul Ball, location: 2F
2-2: Fly out, F7 (Flyball, 7D, EV 105.6 MPH)
Runner from 2nd tags up, SAFE at 3rd with throw by LF
Batting: RHB Garry Maddox 0-0: Ball
1-0: Ball
2-0: Swinging Strike
2-1: Swinging Strike
2-2: Strikes out swinging
Top of the 4th over - 0 runs, 1 hit, 0 errors, 1 left on base; New York 0 - Los Angeles 6
BOTTOM OF THE 4TH
Los Angeles Dodgers batting - Pitching for New York Mets : RHP Pete Redfern
Batting: RHB Roberto Reyes 0-0: Called Strike
0-1: Ball
1-1: Ball
2-1: Foul Ball, location: 2F
2-2: Ball
3-2: Foul Ball, location: 2F
3-2: Base on Balls
Pinch Hitting: RHB Billy Sample 0-0: Ground out 6-3 (Groundball, 6S, EV 69.4 MPH)
Roberto Reyes to second
Pitching: RHP Andres Barahona
Batting: SHB Jose Oquendo 0-0: Ball
1-0: Ball
2-0: SINGLE (Groundball, 6D, EV 103.1 MPH)
Roberto Reyes to third
Runner from 3rd tries for Home, SAFE, throw by LF to home
Batting: RHB Mike Shelton 0-0: Called Strike
Jose Oquendo steals 2nd base (no throw)
0-1: Ball
1-1: Ball
2-1: Ball
3-1: Base on Balls
Batting: RHB Dick Davis 0-0: Ball
Jose Oquendo steals 3rd base
Mike Shelton to second
1-0: Ball
2-0: Ball
3-0: Called Strike
3-1: SINGLE (Line Drive, 9LS, EV 96.3 MPH)
Jose Oquendo scores
Mike Shelton to third
Runner from 3rd tries for Home, SAFE, throw by RF to home
Batting: RHB Jerry Keller 0-0: Ball
1-0: Ball
2-0: Called Strike
Balk!
Dick Davis to second
2-1: Foul Ball, location: 2F
2-2: Foul Ball, location: 2F
2-2: Strikes out looking
Batting: SHB Chris W Smith 0-0: Ball
1-0: Ball
2-0: Foul Ball, location: 2F
2-1: SINGLE (Flyball, 5D, EV 101.3 MPH)
Dick Davis to third
Runner from 3rd tries for Home, SAFE, throw by LF to home
Batting: RHB Toby Harrah 0-0: Ball
1-0: Ball
2-0: Ball
3-0: Called Strike
3-1: Fly out, F4 (Popup, 4MD, EV 51.9 MPH)
Bottom of the 4th over - 4 runs, 3 hits, 0 errors, 1 left on base; New York 0 - Los Angeles 10
TOP OF THE 5TH
New York Mets batting - Pitching for Los Angeles Dodgers : RHP Mario Soto
Pitching: LHP Alberto Argueta
Batting: LHB Alamazoo White 0-0: SINGLE (Line Drive, 8RS, EV 111.9 MPH)
Batting: RHB Rick Burleson 0-0: Foul Ball, location: 2F
0-1: Ball
1-1: Foul Ball, location: 2F
1-2: Foul Ball, location: 2F
1-2: Foul Ball, location: 2F
1-2: Strikes out swinging
Batting: LHB Terry Kennedy 0-0: Reached on error, E6 (Groundball, 6M, EV 80.6 MPH)
Alamazoo White to second
Batting: RHB Andres Barahona 0-0: Bunted foul
0-1: Bunted foul
0-2: Bunted foul, Strikeout!
Batting: RHB Gary Redus 0-0: Ball
1-0: Foul Ball, location: 2F
1-1: Called Strike
1-2: Ball
2-2: Fielders Choice at 2nd, 6-4 (Groundball, 6, EV 86.3 MPH)
Top of the 5th over - 0 runs, 1 hit, 1 error, 2 left on base; New York 0 - Los Angeles 10
BOTTOM OF THE 5TH
Los Angeles Dodgers batting - Pitching for New York Mets : RHP Andres Barahona
Batting: LHB Ronald Jackson 0-0: Fly out, F5 (Popup, 15S, EV 78.8 MPH)
Batting: RHB Roberto Reyes 0-0: Ball
1-0: SINGLE (Line Drive, 8LS, EV 100.0 MPH)
Batting: LHB Alberto Argueta 0-0: Bunted foul
0-1: Bunted foul
0-2: Sac Bunt to 2R - play at first, batter OUT! 2-4
Roberto Reyes to second
Pinch Hitting: RHB Tom Watkins 0-0: Ball
1-0: Foul Ball, location: 2F
1-1: Ball
2-1: Swinging Strike
2-2: Strikes out swinging
Bottom of the 5th over - 0 runs, 1 hit, 0 errors, 1 left on base; New York 0 - Los Angeles 10
TOP OF THE 6TH
New York Mets batting - Pitching for Los Angeles Dodgers : LHP Alberto Argueta
Now at SS: Tom Watkins
Batting: LHB Roy E Johnson 0-0: Ball
1-0: Foul Ball, location: 2F
1-1: Ball
2-1: Foul Ball, location: 2F
2-2: Strikes out swinging
Batting: LHB Lyman Bostock 0-0: Ball
1-0: Ball
2-0: Ball
3-0: Base on Balls
Batting: RHB George Gomez 0-0: Foul Ball, location: 2F
0-1: Ball
1-1: Ball
2-1: Called Strike
2-2: Fly out, F7 (Flyball, 78S, EV 77.5 MPH)
Batting: RHB Garry Maddox 0-0: Foul Ball, location: 2F
0-1: Ball
1-1: Ball
2-1: Ball
3-1: Fly out, F8 (Line Drive, 8RM, EV 91.9 MPH)
Top of the 6th over - 0 runs, 0 hits, 0 errors, 1 left on base; New York 0 - Los Angeles 10
BOTTOM OF THE 6TH
Los Angeles Dodgers batting - Pitching for New York Mets : RHP Andres Barahona
Pinch Hitting: RHB Gary Gaetti 0-0: Swinging Strike
0-1: Called Strike
0-2: Strikes out looking
Batting: RHB Dick Davis 0-0: Foul Ball, location: 2F
0-1: Called Strike
0-2: Foul Ball, location: 2F
0-2: Ball
1-2: Foul Ball, location: 2F
1-2: Ground out 6-3 (Groundball, 6, EV 85.6 MPH)
Batting: RHB Jerry Keller 0-0: Fly out, F8 (Flyball, 8LXD, EV 103.1 MPH)
Bottom of the 6th over - 0 runs, 0 hits, 0 errors, 0 left on base; New York 0 - Los Angeles 10
TOP OF THE 7TH
New York Mets batting - Pitching for Los Angeles Dodgers : LHP Alberto Argueta
Now at 3B: Gary Gaetti
Batting: LHB Alamazoo White 0-0: Ball
1-0: Swinging Strike
1-1: Ball
2-1: Foul Ball, location: 2F
2-2: Ball
3-2: Ground out 4-3 (Groundball, 34D, EV 81.3 MPH)
Batting: RHB Rick Burleson 0-0: Fly out, F1 (Line Drive, P, EV 66.3 MPH)
Batting: LHB Terry Kennedy 0-0: Ball
1-0: Ball
2-0: SINGLE (Groundball, 4MD, EV 108.1 MPH)
Pinch Hitting: RHB Bill Almon 0-0: Ball
1-0: Ball
2-0: Foul Ball, location: 2F
2-1: Foul Ball, location: 2F
2-2: Strikes out swinging
Top of the 7th over - 0 runs, 1 hit, 0 errors, 1 left on base; New York 0 - Los Angeles 10
BOTTOM OF THE 7TH
Los Angeles Dodgers batting - Pitching for New York Mets : RHP Andres Barahona
Pitching: RHP Matt Adams
Pinch Hitting: RHB Dennis Littlejohn 0-0: Ball
1-0: Foul Ball, location: 2F
1-1: Called Strike
1-2: Foul Ball, location: 2F
1-2: Strikes out swinging
Pinch Hitting: RHB Damaso Garcia 0-0: Ball
1-0: Ground out 6-3 (Groundball, 6, EV 89.4 MPH)
Pinch Hitting: RHB John Almon 0-0: Called Strike
0-1: Ball
1-1: Called Strike
1-2: Ball
2-2: Strikes out swinging
Bottom of the 7th over - 0 runs, 0 hits, 0 errors, 0 left on base; New York 0 - Los Angeles 10
TOP OF THE 8TH
New York Mets batting - Pitching for Los Angeles Dodgers : LHP Alberto Argueta
Now at C: Dennis Littlejohn
Now at 2B: Damaso Garcia
Now in CF: John Almon
Pinch Hitting: RHB Dave Concepcion 0-0: Called Strike
0-1: Ball
1-1: Swinging Strike
1-2: Ball
2-2: Ground out U3 (Groundball, 3L, EV 85.6 MPH)
Pinch Hitting: RHB Ray Knight 0-0: Called Strike
0-1: Ball
1-1: Ball
2-1: Ball
3-1: SINGLE (Groundball, 56, EV 107.5 MPH) (infield hit)
Pitching: RHP Bob James
Pinch Hitting: RHB Juan Garcia 0-0: Foul Ball, location: 2F
0-1: Swinging Strike
0-2: Strikes out looking
Pinch Hitting: RHB German Rivera 0-0: Called Strike
0-1: Ball
1-1: Fly out, F9 (Line Drive, 9D, EV 96.9 MPH)
Top of the 8th over - 0 runs, 1 hit, 0 errors, 1 left on base; New York 0 - Los Angeles 10
BOTTOM OF THE 8TH
Los Angeles Dodgers batting - Pitching for New York Mets : RHP Matt Adams
Now at 2B: Dave Concepcion
Now at SS: Ray Knight
Now in LF: Juan Garcia
Now in RF: German Rivera
Pinch Hitting: RHB Cleo Smith 0-0: Ball
1-0: Foul Ball, location: 2F
1-1: Called Strike
1-2: Strikes out looking
Batting: RHB Bob James 0-0: Fly out, F9 (Flyball, 9LM, EV 90.6 MPH)
Batting: RHB Tom Watkins 0-0: Called Strike
0-1: Ground out 4-3 (Groundball, 4, EV 107.5 MPH)
Bottom of the 8th over - 0 runs, 0 hits, 0 errors, 0 left on base; New York 0 - Los Angeles 10
TOP OF THE 9TH
New York Mets batting - Pitching for Los Angeles Dodgers : RHP Bob James
Now in RF: Cleo Smith
Pinch Hitting: LHB John Kruk 0-0: Ball
1-0: Foul Ball, location: 2F
1-1: Swinging Strike
1-2: Strikes out looking
Pinch Hitting: RHB Thomas Walker 0-0: Ball
1-0: Called Strike
1-1: Ball
2-1: Foul Ball, location: 2F
2-2: Ball
3-2: Strikes out swinging
Batting: RHB Rick Burleson 0-0: Called Strike
0-1: Foul Ball, location: 2F
0-2: Ball
1-2: Ball
2-2: Strikes out swinging
Top of the 9th over - 0 runs, 0 hits, 0 errors, 0 left on base; New York 0 - Los Angeles 10
Wednesday, July 15th, 2020 - OOTP Baseball 21.4 Build 63